 Dungeon Crawl Stone Soup version 0.26-b1-32-g5d43845318 (webtiles) character file.

Game seed: 13201772216655830670

10873 Arthanis the Arsonist (level 11, -11/57 HPs)
             Began as a Deep Elf Fire Elementalist on Jan 11, 2021.
             Was a Priest of Vehumet.
             Shot with an arrow by Nessos (30 damage)
             ... on level 13 of the Dungeon.
             The game lasted 00:20:24 (12372 turns).

Arthanis the Arsonist (Deep Elf Fire Elementalist) Turns: 12372, Time: 00:20:25

Health: -11/57     AC:  4    Str:  5    XL:     11   Next: 41%
Magic:  17/28      EV: 15    Int: 30    God:    Vehumet [***...]
Gold:   482        SH:  0    Dex: 15    Spells: 19/33 levels left

rFire    . . .     SeeInvis .   o - staff of poison
rCold    . . .     Faith    .   (no shield)
rNeg     . . .     Spirit   .   a - +0 robe
rPois    +         Reflect  .   r - +1 helmet
rElec    .         Harm     .   I - scarf {repulsion}
rCorr    .         Rampage  .   (no gloves)
Will     +....                  (no boots)
Stlth    ++........             (no amulet)
HPRegen  0.19/turn              h - +6 ring of intelligence
MPRegen  0.21/turn              A - ring of wizardry

@: about to teleport, repel missiles
A: no striking features
a: Renounce Religion


You were on level 13 of the Dungeon.
You worshipped Vehumet.
Vehumet was most pleased with you.
You visited 2 branches of the dungeon, and saw 12 of its levels.
You also visited: Sewer.

You collected 557 gold pieces.
You spent 75 gold pieces at shops.

Inventory:

Hand Weapons
 c - a +0 short sword
 f - a +2 vorpal spear
 g - a +0 scythe
 u - a +4 quarterstaff of chaos
 w - a +1 short sword of venom
 G - a cursed +5 spear of freezing
 P - a +5 vorpal spear
Armour
 a - a +0 robe (worn)
 r - a +1 helmet (worn)
 s - a +0 cloak
 v - a +2 cloak
 I - a scarf of repulsion (worn)
Magical Staves
 o - an uncursed staff of poison (weapon)
 N - an uncursed staff of death
Jewellery
 h - a +6 ring of intelligence (left hand)
 m - an uncursed ring of stealth
 A - a ring of wizardry (right hand)
Wands
 K - a wand of acid (11)
 L - a wand of random effects (23)
Scrolls
 e - 3 scrolls of remove curse
 i - 3 scrolls of amnesia
 j - a scroll of enchant armour
 k - a scroll of fog
 n - a scroll of vulnerability
 y - 2 scrolls of immolation
 D - 4 scrolls of teleportation
 E - 2 scrolls of magic mapping
 H - 3 scrolls of enchant weapon
 J - 2 scrolls of fear
Potions
 b - a potion of degeneration {unknown}
 d - 2 potions of lignification
 l - 7 potions of flight
 p - 2 potions of resistance
 q - 2 potions of might
 t - a potion of mutation {unknown}
 x - 6 potions of curing
 z - a potion of heal wounds
 B - a potion of berserk rage
 C - 2 potions of brilliance
 F - 2 potions of haste
 M - a potion of magic {unknown}
 O - a potion of attraction


   Skills:
 - Level 2.0 Fighting
 + Level 4.8 Dodging
 - Level 3.0 Stealth
 + Level 11.5 Spellcasting
 + Level 9.5 Conjurations
 * Level 13.3 Fire Magic
 + Level 3.2 Evocations


You had 19 spell levels left.
You knew the following spells:

 Your Spells              Type           Power        Failure   Level
a - Foxfire               Conj/Fire      100%         1%          1
b - Conjure Flame         Conj/Fire      72%          1%          3
c - Sticky Flame          Conj/Fire      72%          1%          4
d - Fireball              Conj/Fire      36%          1%          5
e - Magic Dart            Conj           100%         1%          1

Your spell library contained the following spells:

 Spells                   Type           Power        Failure   Level
 Iskenderun's Mystic Bla  Conj/Tloc      45%          1%          4
 Inner Flame              Hex/Fire       55%          1%          3


Dungeon Overview and Level Annotations

Branches:
Dungeon (10/15)            Temple (1/1) D:6             Orc (0/2) D:9
  Sewer (visited)
   Lair: D:8-11

Altars:
Ashenzari
Cheibriados
Dithmenos
Elyvilon
Fedhas
Gozag
Hepliaklqana
Kikubaaqudgha
Makhleb
Nemelex Xobeh
Okawaru
Qazlal
Ru
Sif Muna
Trog
Uskayaw
Vehumet
Wu Jian
Xom
Yredelemnul
Zin
The Shining One

Shops:
D:7 ?

Annotations:
D:13 Nessos


Message History

As you read the scroll of fog, it crumbles to dust.
The scroll dissolves into smoke.
Nessos shoots an arrow.
The arrow barely misses you.
Nessos shoots an arrow.
The arrow completely misses you.
As you read the scroll of teleportation, it crumbles to dust.
You feel strangely unstable.
Nessos intently looks at you, slowly moving their tail.
Nessos shoots an arrow.
The arrow barely misses you.
Casting: Fireball (safe; 1% risk of failure)
Confirm with . or Enter, or press ? or * to list all spells.
Aiming: Sticky Flame (safe; 1% risk of failure)
Press: ? - help, Shift-Dir - straight line, f - human, p - Nessos
Aim: a human (black smoke, 0% to evade)
The sticky flame hits the human!
The human is moderately wounded.
The human is covered in liquid flames!
The human burns!
Nessos shoots an arrow.
The arrow barely misses you. The human closely misses you.
Nessos shoots an arrow.
The arrow hits you!!
Ouch! That really hurt!
You die...

#####..###.# ### # #'
#.......##.# ..#.# #
#.###.####..##.# #...#
#.#......####.##)#
#..##
........c.##..#.#
#.(## ..........#..#÷#
#..##
#...§...#..(.#####...†
#...§§§§'.............
#..†§@p§#....######.##
##'#######.........(#
# #.# #.)........#
#.####.# #.#........#
#......# #.#.######.#
####.### ..#.# #.#
#....# #..#.# #.#
#.##... ...#.# #.# #.
..... ....#.# .#


You could see Nessos (fast) and a human (burning).

Vanquished Creatures
  A hydra (D:13)
  A two-headed ogre (D:13)
  A troll (D:10)
  Grinder (D:6)
  2 hornets (D:13)
  Prince Ribbit (D:9)
  3 slime creatures (D:13)
  Sigmund (D:3)
  3 shadows (D:9)
  A wraith (D:13)
  A wyvern (D:9)
  Eustachio (D:6)
  6 yaks (D:13)
  12 humans (D:13)
  2 vampire mosquitoes (D:13)
  Duvessa (D:7)
  A water moccasin (D:8)
  2 acid dragons (D:13)
  A sky beast (D:8)
  7 ogres
  A necrophage (D:9)
  2 phantoms
  8 centaurs
  Blork the orc (D:4)
  A big kobold (Sewer)
  7 bullfrogs
  A gnoll sergeant (D:8)
  4 killer bees (D:9)
  Dowan (D:7)
  7 wights
  2 centaur zombies
  2 jellies (D:10)
  A bullfrog zombie (D:6)
  Crazy Yiuf (D:3)
  2 orc priests
  4 hounds
  An orc wizard (D:5)
  A centaur skeleton (D:6)
  An iguana (D:9)
  6 worker ants
  6 ogre zombies (D:9)
  Robin (D:3)
  7 gnolls
  3 adders
  3 river rats (Sewer)
  2 shadow imps
  2 white imps
  An ooze (D:1)
  An adder skeleton (D:7)
  4 dart slugs
  3 leopard geckos
  25 orcs
  4 ball pythons
  4 bats
  5 giant cockroaches
  14 goblins
  11 hobgoblins
  16 jackals
  6 quokkas
  2 frilled lizards
  2 goblin skeletons (D:9)
  2 hobgoblin skeletons (D:9)
  2 hobgoblin zombies (D:9)
  A jackal skeleton (D:5)
  11 kobolds
  An orc skeleton (D:9)
  12 orc zombies (D:9)
  14 rats
  A spectral orc (D:3)
269 creatures vanquished.

Vanquished Creatures (others)
  1133 foxfires
  A fungus (D:3)
1134 creatures vanquished.

Grand Total: 1403 creatures vanquished

Notes
Turn   | Place    | Note
-------+----------+-------------------------------------------
     0 | D:1      | Arthanis the Deep Elf Fire Elementalist began the quest for
                  | the Orb.
     0 | D:1      | Reached XP level 1. HP: 10/10 MP: 6/6
    92 | D:1      | Reached XP level 2. HP: 15/15 MP: 0/8
   547 | D:1      | Reached skill level 4 in Fire Magic
   748 | D:1      | Reached XP level 3. HP: 19/19 MP: 6/10
   753 | D:1      | Learned a level 3 spell: Conjure Flame
  1538 | D:2      | Reached XP level 4. HP: 24/24 MP: 1/11
  1543 | D:2      | Learned a level 4 spell: Sticky Flame
  2481 | D:3      | Noticed Sigmund
  2522 | D:3      | Found an ornate altar of the Wu Jian Council.
  2539 | D:3      | Noticed Robin
  2546 | D:3      | Killed Robin
  2745 | D:3      | Killed Sigmund
  2746 | D:3      | Reached skill level 5 in Fire Magic
  2746 | D:3      | Reached XP level 5. HP: 28/28 MP: 4/14
  2746 | D:3      | Reached XP level 6. HP: 32/32 MP: 4/15
  2752 | D:3      | Learned a level 5 spell: Fireball
  2840 | D:3      | Found a basalt altar of Yredelemnul.
  3025 | D:3      | Found a runed translucent door.
  3026 | D:3      | Noticed Crazy Yiuf
  3042 | D:3      | Killed Crazy Yiuf
  3043 | D:3      | Reached skill level 5 in Spellcasting
  3275 | D:4      | Found a stormy altar of Qazlal.
  3284 | D:4      | Found a snail-covered altar of Cheibriados.
  3319 | D:4      | Found a glowing drain.
  3343 | Sewer    | Entered a sewer
  3351 | Sewer    | Reached skill level 6 in Fire Magic
  3585 | Sewer    | Found a white marble altar of Elyvilon.
  3868 | D:4      | Noticed Blork the orc
  3882 | D:4      | Killed Blork the orc
  4289 | D:4      | Reached XP level 7. HP: 36/36 MP: 13/17
  4746 | D:5      | Entered Level 5 of the Dungeon
  4946 | D:5      | Reached skill level 7 in Fire Magic
  5007 | D:5      | Found a shadowy altar of Dithmenos.
  5655 | D:6      | Noticed Eustachio
  5806 | D:6      | Killed Eustachio
  5807 | D:6      | Reached skill level 5 in Conjurations
  5807 | D:6      | Reached XP level 8. HP: 41/41 MP: 5/20
  5860 | D:6      | Reached skill level 8 in Fire Magic
  6078 | D:6      | Noticed Grinder
  6093 | D:6      | Killed Grinder
  6179 | D:6      | Reached skill level 9 in Fire Magic
  6491 | D:6      | Found a staircase to the Ecumenical Temple.
  6500 | Temple   | Entered the Ecumenical Temple
  6529 | Temple   | Became a worshipper of Vehumet
  6953 | D:7      | Found Bydugui's Magic Scroll Shoppe.
  7005 | D:7      | Bought a scroll of remove curse for 30 gold pieces
  7005 | D:7      | Bought a scroll of random uselessness for 10 gold pieces
  7005 | D:7      | Bought a scroll of fear for 35 gold pieces
  7027 | D:7      | Found a hide-covered altar of Uskayaw.
  7027 | D:7      | Found a glowing golden altar of the Shining One.
  7036 | D:7      | Reached XP level 9. HP: 45/45 MP: 17/23
  7323 | D:7      | Noticed Dowan
  7336 | D:7      | Noticed Duvessa
  7343 | D:7      | Killed Dowan
  7349 | D:7      | Killed Duvessa
  7549 | D:8      | Reached skill level 1 in Evocations
  7630 | D:8      | Reached skill level 10 in Fire Magic
  7835 | D:8      | Reached skill level 1 in Fighting
  7961 | D:8      | Found a broken altar of Ashenzari.
  8540 | D:9      | Reached * piety under Vehumet
  8540 | D:9      | Offered knowledge of Freeze by Vehumet.
  9221 | D:9      | Found a glowing silver altar of Zin.
  9359 | D:9      | Reached skill level 11 in Fire Magic
  9359 | D:9      | Reached XP level 10. HP: 53/53 MP: 17/25
  9690 | D:9      | Offered knowledge of Magic Dart by Vehumet.
  9693 | D:9      | Learned a level 1 spell: Magic Dart
  9756 | D:9      | Found a staircase to the Orcish Mines.
 10002 | D:9      | Reached ** piety under Vehumet
 10170 | D:9      | Noticed Prince Ribbit
 10172 | D:9      | Killed Prince Ribbit
 10532 | D:9      | Found a burning altar of Makhleb.
 10582 | D:10     | Entered Level 10 of the Dungeon
 10692 | D:10     | Offered knowledge of Ignite Poison by Vehumet.
 10802 | D:10     | Reached skill level 10 in Spellcasting
 10860 | D:10     | You fall into a shaft and drop 3 floors!
 11147 | D:13     | Noticed an eight-headed hydra
 11174 | D:13     | Killed an eight-headed hydra
 11175 | D:13     | Reached skill level 12 in Fire Magic
 11360 | D:13     | Reached *** piety under Vehumet
 11591 | D:13     | Reached XP level 11. HP: 57/57 MP: 18/28
 11690 | D:13     | Noticed a two-headed ogre
 11694 | D:13     | Killed a two-headed ogre
 11695 | D:13     | Reached skill level 13 in Fire Magic
 12057 | D:13     | Offered knowledge of Iskenderun's Mystic Blast by Vehumet.
 12358 | D:13     | Noticed Nessos
 12372 | D:13     | Shot with an arrow by Nessos

Illustrated notes

Levels and vault maps discovered:
D:1:      amcnicky_arrival_blooded_trapdoor, layout_basic, minmay_cupped
D:2:      layout_loops_ring
D:3:      layout_rooms, yredelemnul_forgotten_temple_becter,
          lemuel_crystal_altar, uniq_crazy_yiuf_cottage, uniq_robin,
          uniq_sigmund
D:4:      layout_loops_corners, nicolae_qazlal_general_emergency,
          kennysheep_slug_shrine, portal_sewer_entry_a, uniq_blork_the_orc
D:5:      layout_basic, old_standard_altar
D:6:      layout_rooms, lemuel_temple_firewalk_a, uniq_grinder, uniq_eustachio
D:7:      layout_loops_cross, chequers_temple_overflow_statue_of_worship,
          serial_shops, nicolae_shop_stone, uniq_duvessa
D:8:      layout_rooms, cheibrodos_ashenzari_chains
D:9:      layout_irregular_city, kennysheep_mini, general_overflow_altar,
          zombieorc1_lemuel, nrook_campfire, uniq_prince_ribbit1
D:10:     layout_roguey
D:13:     layout_basic, david_vaults_3, serial_shops, nicolae_shop_trees
Temple:   minmay_temple_bridge_abc

Skill      XL: |  1  2  3  4  5  6  7  8  9 10 11 |
---------------+----------------------------------+-----
Fire Magic     | 4 5 6 7 9 11 12 13 | 13.3
Conjurations   | 2 3 4 5 6 7 9 |  9.5
Spellcasting   | 4 5 6 8 9 11 | 11.5
Evocations     | 2 3 |  3.2
Stealth        | 3 |  3.0
Fighting       | 2 |  2.0
Dodging        | 4 |  4.8

Action                   |  1- 3 |  4- 6 |  7- 9 | 10-12 || total
-------------------------+-------+-------+-------+-------++-------
Melee: Spear             |     3 |     5 |       |       ||     8
       Staff             |       |     9 |     2 |     2 ||    13
 Cast: Foxfire           |    77 |   128 |   338 |   152 ||   695
       Sticky Flame      |       |     1 |     9 |    17 ||    27
       Conjure Flame     |       |     1 |       |     1 ||     2
       Fireball          |       |       |    12 |    40 ||    52
       Magic Dart        |       |       |       |     5 ||     5
  Use: Potion            |       |     3 |       |       ||     3
       Scroll            |       |       |    12 |     6 ||    18
 Stab: Sleeping          |     1 |       |       |       ||     1
Armor: Skin              |       |     5 |       |       ||     5
       Robe              |       |     4 |    22 |     3 ||    29
Dodge: Dodged            |     1 |    16 |    42 |    31 ||    90
